 Dungeon Crawl Stone Soup version 0.21.1-1-g345015fe64 (webtiles) character file.

25 Knicklaso the Grave Robber (level 3, -3/29 HPs)
             Began as a Hill Orc Necromancer on Apr 21, 2018.
             Killed from afar by Sigmund (9 damage)
             ... with a puff of flame
             ... on level 2 of the Dungeon on Apr 22, 2018.
             The game lasted 00:06:00 (1365 turns).

Knicklaso the Grave Robber (Hill Orc Necromancer)   Turns: 1365, Time: 00:06:00

Health: -3/29      AC:  2    Str: 10    XL:     3   Next: 6%
Magic:  1/5        EV: 12    Int: 16    God:
Gold:   68         SH:  0    Dex: 11    Spells: 3/5 levels left

rFire    . . .     SeeInvis .   e - +0 hand axe
rCold    . . .     Gourm    .   (no shield)
rNeg     . . .     Faith    .   a - +0 robe
rPois    .         Spirit   .   (no helmet)
rElec    .         Reflect  .   (no cloak)
rCorr    .         Harm     .   (no gloves)
MR       .....                  (no boots)
Stlth    +.........             (no amulet)
HPRegen  0.09/turn              (no ring)
MPRegen  0.09/turn              (no ring)

@: confused, very slightly contaminated
A: no striking features
a: no special abilities


You were on level 2 of the Dungeon.
You were not hungry.

You visited 1 branch of the dungeon, and saw 2 of its levels.

You collected 68 gold pieces.

Inventory:

Hand Weapons
 e - a +0 hand axe (weapon)
Armour
 a - a +0 robe (worn)
Jewellery
 h - an uncursed ring of ice {unknown}
Scrolls
 d - a scroll of teleportation {unknown}
 g - a scroll of identify {unknown}
 j - a scroll of enchant weapon {unknown}
 k - a scroll of remove curse {unknown}
Potions
 f - a potion of heal wounds
Books
 b - a book of Necromancy

   Spells                             Type                      Level
   a - Pain                           Necromancy                   1
   b - Animate Skeleton               Necromancy                   1
   c - Vampiric Draining              Necromancy                   3
   d - Regeneration                   Charms/Necromancy            3
   e - Animate Dead                   Necromancy                   4
   f - Borgnjor's Vile Clutch         Necromancy/Earth             5
Comestibles
 c - 3 rations
 i - 3 chunks of flesh


   Skills:
 * Level 1.8 Fighting
 * Level 2.0 Axes
 - Level 1.5 Dodging
 - Level 1.5 Stealth
 + Level 1.8 Spellcasting
 - Level 4.0 Necromancy


You had 3 spell levels left.
You knew the following spells:

 Your Spells              Type           Power        Failure   Level  Hunger
a - Pain                  Necr           ##..         4%          1    ##.....
b - Animate Skeleton      Necr           N/A          4%          1    ##.....


Dungeon Overview and Level Annotations

Branches:
Dungeon (2/15)

Altars:

Annotations:
D:2 Sigmund


Message History

Press: ? - help, Shift-Dir - straight line, f/p - Sigmund
Aim: Sigmund, wielding a scythe and wearing a runed robe (lightly wounded, chance to defeat MR: 79%) Sigmund writhes in agony!
Casting: Pain
Confirm with . or Enter, or press ? or * to list all spells.
Aiming: Pain
Press: ? - help, Shift-Dir - straight line, f/p - Sigmund
Aim: Sigmund, wielding a scythe and wearing a runed robe (lightly wounded, chance to defeat MR: 79%) Sigmund barely resists.
Sigmund casts a spell at you.
You are confused.
Sigmund points at you and mumbles some strange words.
The magic dart hits you! Sigmund gestures at you while chanting.
The magic dart hits you!
* * * LOW HITPOINT WARNING * * *
You bump into the rock wall.
Sigmund points at you and mumbles some strange words.
The puff of flame hits you!
You die...

...#.......#
####.##.#
####Z......#
#.@.K..#
#.......#
#)####...
#.......# #.#
####.#### #.#
#.# #.# #.# #.#
#.#
#############.#
#(#
#.....@...@K..#
#.#
#.#############
#.# #Z# #.# #Z#
#Z# #.# #Z# #.#
#Z# #.# #.###.#
#..Z..#


You could see Sigmund and a kobold.

Vanquished Creatures
  A dart slug (D:1)
  3 bats
  2 goblins
  3 hobgoblins (D:1)
  8 kobolds
  4 rats
21 creatures vanquished.

Vanquished Creatures (collateral kills)
  2 frilled lizards (D:2)
  2 rats (D:2)
4 creatures vanquished.

Grand Total: 25 creatures vanquished

Notes
Turn   | Place    | Note
-------+----------+-------------------------------------------
     0 | D:1      | Knicklaso the Hill Orc Necromancer began the quest for the Orb.
     0 | D:1      | Reached XP level 1. HP: 14/14 MP: 3/3
    95 | D:1      | Learned a level 1 spell: Animate Skeleton
   437 | D:1      | Reached skill level 1 in Fighting
   437 | D:1      | Reached skill level 1 in Axes
   437 | D:1      | Reached XP level 2. HP: 14/23 MP: 4/4
  1248 | D:2      | Reached XP level 3. HP: 18/29 MP: 3/5
  1335 | D:2      | Noticed Sigmund
  1365 | D:2      | Killed from afar by Sigmund

Skill      XL: |  1  2 |
---------------+-------+-----
Fighting       | 1 |  1.8
Axes           | 1 2 |  2.0
Dodging        | |  1.5
Stealth        | |  1.5
Spellcasting   | |  1.8
Necromancy     | |  4.0

Action                   || total
-------------------------++-------
Melee: Hand axe          ||    63
 Cast: Animate Skeleton  ||     9
       Pain              ||     7
  Use: Potion            ||     1
 Stab: Sleeping          ||     1
  Eat: Chunk             ||     2
Armor: Robe              ||     9
Dodge: Dodged            ||    44
